 Dungeon Crawl Stone Soup version 0.27.1-33-g824d729ab1 (webtiles) character file.

Game seed: 7771033238674215498

207 zeram the Ducker (level 5, -1/45 HPs)
             Began as a Troll Summoner on Dec 16, 2021.
             Slain by an orc warrior (7 damage)
             ... on level 3 of the Dungeon.
             The game lasted 00:04:57 (2280 turns).

zeram the Ducker (Troll Summoner)                   Turns: 2280, Time: 00:04:58

Health: -1/45      AC:  6    Str: 16    XL:     5   Next: 54%
Magic:  5/5        EV: 10    Int: 12    God:
Gold:   56         SH:  0    Dex: 10    Spells: 3/6 levels left

rFire    . . .     SeeInvis .   i - +0 giant club
rCold    . . .     Faith    .   (shield currently unavailable)
rNeg     . . .     Spirit   .   g - +2 robe {Will+}
rPois    .         Reflect  .   (helmet restricted)
rElec    .         Harm     .   (no cloak)
rCorr    .         Rampage  .   (gloves unavailable)
Will     +....                  (boots unavailable)
Stlth    +.........             (no amulet)
HPRegen  1.15/turn              h - ring of wizardry
MPRegen  0.09/turn              (no ring)

@: no status effects
A: large, unfitting armour, claws 3, regeneration 1, shaggy fur 1, tough skin 1
a: no special abilities


You were on level 3 of the Dungeon.
You visited 1 branch of the dungeon, and saw 4 of its levels.

You collected 137 gold pieces.
You spent 81 gold pieces at shops.

Inventory:

Hand Weapons
 i - a +0 giant club (weapon)
Armour
 a - a +0 robe
 g - a +2 robe of willpower (worn)
Jewellery
 b - a ring of ice
 h - a ring of wizardry (left claw)
Wands
 e - a wand of flame (25)
Scrolls
 l - a scroll of identify
Potions
 c - 2 potions of heal wounds
 d - 4 potions of curing
 f - a potion of lignification {unknown}
 j - a potion of haste {unknown}
 k - a potion of might {unknown}


   Skills:
 + Level 4.5 Dodging
 - Level 1.0 Stealth
 - Level 1.2 Spellcasting
 + Level 3.3 Summonings


You had 3 spell levels left.
You knew the following spells:

 Your Spells              Type           Power      Damage    Failure   Level
a - Summon Small Mammal   Summ           32%        N/A       3%          1
b - Call Imp              Summ           8%         N/A       4%          2

Your spell library contained the following spells:

 Spells                   Type           Power      Damage    Failure   Level
 Call Canine Familiar     Summ           8%         N/A       9%          3
 Passwall                 Tmut/Erth      0%         N/A       17%         2
 Summon Guardian Golem    Hex/Summ       4%         N/A       17%         3
 Swiftness                Air            0%         N/A       32%         3
 Summon Lightning Spire   Summ/Air       4%         N/A       50%         4
 Invisibility             Hex            0%         N/A       100%        6


Dungeon Overview and Level Annotations

Branches:
Dungeon (4/15)
 Temple: D:4-7

Altars:
Dithmenos
Kikubaaqudgha
Sif Muna
The Shining One

Shops:
D:3 [


Innate Abilities, Weirdness & Mutations

You are too large for most types of armour.
You have claws for hands.
Your natural rate of healing is unusually fast.
You are covered in fur. (AC +1)
You have tough skin. (AC +1)


Message History

You start resting.
HP restored.
You start resting.
Magic restored.
You climb downwards.
The orc warrior hits you with a +1 vorpal scimitar. x2
There is a stone staircase leading up here.
The orc wizard gestures at you while chanting.
The magic dart hits you. The orc warrior closely misses you.
You climb upwards.
There is a stone staircase leading down here.
Casting: Call Imp (safe; 4% risk of failure)
Confirm with . or Enter, or press ? or * to list all spells.
A metallic apparition takes form in the air.
The orc warrior barely misses you.
You closely miss the orc warrior.
The orc warrior is moderately wounded.
The orc warrior barely misses you.
Your iron imp hits the orc warrior but does no damage.
You sock the orc warrior!
The orc warrior is heavily wounded.
The orc warrior hits you with a +1 vorpal scimitar!
Your iron imp misses the orc warrior.
The orc warrior hits you with a +1 vorpal scimitar!!
* * * LOW HITPOINT WARNING * * *
x2 Unknown command.
You see here a hobgoblin skeleton.
Your iron imp disappears in a puff of smoke!
You closely miss the orc warrior.
The orc warrior is heavily wounded.
The orc warrior hits you with a +1 vorpal scimitar! x2
You barely miss the orc warrior.
The orc warrior is heavily wounded.
The orc warrior hits you with a +1 vorpal scimitar.
You closely miss the orc warrior.
The orc warrior is heavily wounded.
The orc warrior hits you with a +1 vorpal scimitar!
* * * LOW HITPOINT WARNING * * *
x2 The orc warrior hits you with a +1 vorpal scimitar!
You die...

######.####.###...........#.#
##..............##.####.#.#.#
##.####.###.##............#.####
##.# #..##.##.###.##.#........#
#.# ###.##.##.###.##.#.#.######
#.# #.............##.#.#.# #.#
#.##.#....######.#.#.#
##.###.##......######.#...#
#...............@o....#.#.#
...........>#.#########.#.#
#.####.#^........รท........#
#......#[##############.#.#
###.##(#.# #.#.# #....#.#.#
###.# ####.#.#.# #.# #.#.#.# ###
####.....#


You could see an orc warrior.

Vanquished Creatures
  Jessica (D:2)
  Robin (D:2)
  4 adders
  5 ball pythons
  5 bats
  5 endoplasms
  7 goblins
  12 hobgoblins
  6 jackals (D:3)
  4 quokkas
  2 frilled lizards (D:1)
  A goblin zombie (D:3)
  3 hobgoblin zombies (D:3)
  5 kobolds
  2 kobold skeletons (D:3)
  2 kobold zombies (D:3)
  2 orc skeletons (D:3)
  An orc zombie (D:3)
  9 rats
77 creatures vanquished.

Vanquished Creatures (collateral kills)
  An ogre (D:4)
  A goblin (D:2)
  A frilled lizard (D:1)
3 creatures vanquished.

Grand Total: 80 creatures vanquished

Notes
Turn   | Place    | Note
-------+----------+-------------------------------------------
     0 | D:1      | zeram the Troll Summoner began the quest for the Orb.
     0 | D:1      | Reached XP level 1. HP: 16/16 MP: 1/1
   128 | D:1      | Reached skill level 2 in Dodging
   170 | D:1      | Reached XP level 2. HP: 24/24 MP: 2/2
   676 | D:2      | Reached XP level 3. HP: 31/31 MP: 3/3
   684 | D:2      | Reached skill level 3 in Dodging
   728 | D:2      | Learned a level 2 spell: Call Imp
   964 | D:2      | Noticed Robin
   998 | D:2      | Killed Robin
  1191 | D:3      | Found a glowing golden altar of the Shining One.
  1192 | D:3      | Noticed Jessica
  1215 | D:2      | Killed Jessica
  1216 | D:2      | Reached XP level 4. HP: 29/39 MP: 1/4
  1356 | D:3      | Reached skill level 4 in Dodging
  1433 | D:3      | Found a shimmering blue altar of Sif Muna.
  1551 | D:3      | Found Subeh's Antique Armour Shoppe.
  1559 | D:3      | Bought a glowing robe for 81 gold pieces
  1697 | D:3      | Found an ancient bone altar of Kikubaaqudgha.
  1702 | D:3      | Found a shadowy altar of Dithmenos.
  2036 | D:3      | Reached XP level 5. HP: 41/45 MP: 5/5
  2108 | D:4      | Noticed an ogre
  2118 | D:4      | Killed an ogre
  2188 | D:4      | Noticed an orc warrior
  2280 | D:3      | Slain by an orc warrior

Illustrated notes

Levels and vault maps discovered:
D:1:      mrwooster_arrival_arrow, layout_rooms, dk_noncrumbling_3
D:2:      layout_loops_ring, uniq_robin
D:3:      layout_basic, mainiacjoe_overflow_big_doors,
          nicolae_tso_besieged_by_evil, mainiacjoe_overflow_24_doors,
          serial_shops, shop, uniq_jessica
D:4:      layout_basic, zin_academy, nemelex_dance_club_becter,
          mainiacjoe_overflow_alcove_2, nrook_loot_triangle, uniq_eustachio

Skill      XL: |  1  2  3  4 |
---------------+-------------+-----
Dodging        | 2 3 4 |  4.5
Summonings     | 3 |  3.3
Stealth        | |  1.0
Spellcasting   | |  1.2

Action                   |  1- 3 |  4- 6 || total
-------------------------+-------+-------++-------
Melee: Unarmed           |   146 |   106 ||   252
       Giant club        |       |    12 ||    12
 Cast: Summon Small Mamm |     3 |       ||     3
       Call Imp          |     3 |     6 ||     9
  Use: Scroll            |     3 |     2 ||     5
 Stab: Sleeping          |     2 |       ||     2
       Distracted        |     1 |       ||     1
Armor: Robe              |    55 |    46 ||   101
Dodge: Dodged            |    76 |    83 ||   159
